 Dungeon Crawl Stone Soup version 0.28.0-1-gb440e238dd (webtiles) character file.

Game seed: 15641032401759306450

43844 mcwallace the Convoker (level 14, -7/108 HPs)
             Began as a Barachi Ice Elementalist on Feb 21, 2022.
             Was the Champion of Cheibriados.
             Mangled by a death yak (17 damage)
             ... on level 6 of the Lair of Beasts.
             The game lasted 01:33:14 (25402 turns).

mcwallace the Convoker (Barachi Ice Elementalist)  Turns: 25402, Time: 01:33:14

Health: -7/108     AC: 20    Str: 24    XL:     14   Next: 26%
Magic:  16/26      EV: 19    Int: 42    God:    Cheibriados [******]
Gold:   1057       SH:  7    Dex: 28    Spells: 11/29 levels left

rFire   . . .      SeeInvis .   Q - +7 trident (protect) {polearm}
rCold   . . .      Faith    .   u - +0 buckler
rNeg    . . .      Spirit   .   C - +0 acid dragon scales
rPois   .          Reflect  .   (no helmet)
rElec   .          Harm     .   (no cloak)
rCorr   +          Rampage  .   f - +0 pair of gloves
Will    +....                   p - +1 pair of boots
Stlth   ++........              N - amulet of the acrobat
HPRegen 0.28/turn               g - ring of wizardry
MPRegen 0.20/turn               P - +6 ring of intelligence

@: ice-armoured, about to teleport, freezing walls, very slow
A: amphibious, slowness 1, strong legs 2, +LOS
a: Hop, Renounce Religion, Bend Time, Temporal Distortion, Slouch, Step From
Time


You were on level 6 of the Lair of Beasts.
You worshipped Cheibriados.
Cheibriados was exalted by your worship.
You visited 3 branches of the dungeon, and saw 18 of its levels.

You collected 1106 gold pieces.
You spent 49 gold pieces at shops.


Innate Abilities, Weirdness & Mutations

You are amphibious.
You cover ground slowly.
You can hop long distances.
You have an extended range of vision and can be seen from far away.


   Skills:
 - Level 9.0 Fighting
 - Level 7.5 Armour
 - Level 8.4 Dodging
 - Level 1.7 Stealth
 - Level 4.0 Shields
 - Level 8.0 Spellcasting
 + Level 5.5 Conjurations
 + Level 15.6 Summonings
 + Level 11.0 Ice Magic
 + Level 9.0 Invocations
 - Level 5.0 Evocations


You had 11 spell levels left.
You knew the following spells:

 Your Spells              Type           Power      Damage    Failure   Level
a - Freeze                Ice            100%       1d11      1%          1
b - Frozen Ramparts       Ice            100%       1d12      1%          3
c - Ozocubu's Armour      Ice            83%        N/A       1%          3
d - Hailstorm             Conj/Ice       72%        3d15      1%          4
e - Summon Hydra          Summ           49%        N/A       1%          7

Your spell library contained the following spells:

 Spells                   Type           Power      Damage    Failure   Level
 Sandblast                Erth           32%        2d9       1%          1
 Shock                    Conj/Air       100%       1d9       1%          1
 Slow                     Hex            64%        N/A       1%          1
 Corpse Rot               Necr/Air       32%        N/A       1%          2
 Passwall                 Tmut/Erth      13%        N/A       1%          2
 Poisonous Vapours        Pois/Air       32%        N/A       1%          2
 Static Discharge         Conj/Air       40%        N/A       1%          2
 Sublimation of Blood     Necr           16%        N/A       1%          2
 Wereblood                Tmut           16%        N/A       1%          2
 Mephitic Cloud           Conj/Pois/Air  32%        N/A       1%          3
 Stone Arrow              Conj/Erth      80%        3d12      1%          3
 Ignite Poison            Fire/Tmut/Pois 16%        N/A       3%          3
 Freezing Cloud           Conj/Ice/Air   29%        6-21      3%          5
 Flame Wave               Conj/Fire      40%        2d9       4%          4
 Cause Fear               Hex            8%         N/A       12%         4
 Spellforged Servitor     Conj/Summ      40%        N/A       13%         7
 Orb of Destruction       Conj           29%        9d9       67%         7
 Dragon's Call            Summ           49%        N/A       86%         9
 Dragon Form              Tmut           8%         N/A       100%        7

Inventory:

Hand Weapons
 Q - a +7 trident of protection (weapon) {polearm}
   (You took it off a wight on level 7 of the Dungeon)
 X - a +5 falchion {long}
   (You took it off a wight on level 8 of the Dungeon)
Missiles
 a - 17 poisoned darts {throwing}
 x - 11 boomerangs {throwing}
 B - 3 javelins {throwing}
 D - a throwing net {=f!fthrowing}
 E - 192 stones {throwing}
 M - 3 silver boomerangs {throwing}
 V - 4 curare-tipped darts {=fthrowing}
Armour
 f - a +0 pair of gloves (worn)
   (You found it on level 1 of the Lair of Beasts)
 p - a +1 pair of boots (worn)
   (You found it on level 3 of the Dungeon)
 r - the +0 helmet "Alorghut" {+Inv rF- rN+++ Int+4}
   (You acquired it on level 3 of the Lair of Beasts)

   Int:       It affects your intelligence (+4).
   rF:        It makes you vulnerable to fire.
   rN:        It renders you almost immune to negative energy.
   +Inv:      It lets you turn invisible.
 u - a +0 buckler (worn)
   (You bought it in a shop on level 10 of the Dungeon)
 C - +0 acid dragon scales (worn)
   (You took it off Maggie on level 9 of the Dungeon)
 R - a +1 kite shield
   (You found it on level 8 of the Dungeon)
Magical Staves
 H - a staff of conjuration {!a@e2staff}
   (You found it on level 4 of the Lair of Beasts)
 S - a staff of air {!astaff}
   (You found it on level 11 of the Dungeon)
Jewellery
 b - an amulet of guardian spirit
   (You found it on level 11 of the Dungeon)
 c - a ring of positive energy
   (You found it on level 11 of the Dungeon)
 g - a ring of wizardry (left hand)
   (You found it on level 9 of the Dungeon)
 k - a ring of wizardry
   (You found it on level 4 of the Lair of Beasts)
 t - a ring of wizardry
   (You found it on level 3 of the Dungeon)
 w - a +4 ring of slaying
   (You took it off an orc on level 3 of the Dungeon)
 N - an amulet of the acrobat (around neck)
   (You found it on level 6 of the Dungeon)
 P - a +6 ring of intelligence (right hand)
   (You found it on level 11 of the Dungeon)
Wands
 j - a wand of charming (6)
   (You found it on level 1 of the Lair of Beasts)
 s - a wand of iceblast (6)
   (You found it on level 9 of the Dungeon)
 K - a wand of paralysis (3) (quivered)
   (You found it on level 6 of the Dungeon)
 O - a wand of digging (5)
   (You found it on level 6 of the Dungeon)
 T - a wand of polymorph (5)
   (You took it off an orc on level 9 of the Dungeon)
 U - a wand of flame (9)
   (You found it on level 8 of the Dungeon)
Scrolls
 e - a scroll of silence {!r}
 h - a scroll of summoning
 i - a scroll of fear
 n - a scroll of blinking {!r}
 v - a scroll of magic mapping {!r}
 y - 5 scrolls of vulnerability {!r!r}
 A - a scroll of brand weapon
 J - 2 scrolls of amnesia
 Y - 2 scrolls of immolation {!r!r}
Potions
 d - a potion of magic {unknown}
 l - 3 potions of lignification {unknown}
 m - a potion of flight {unknown}
 o - a potion of invisibility {unknown}
 q - a potion of resistance {unknown}
 z - a potion of berserk rage {unknown}
 F - a potion of cancellation {unknown}
 G - 2 potions of mutation {unknown}
 I - 4 potions of brilliance {unknown}
 L - 3 potions of haste {unknown}
 W - 3 potions of ambrosia {unknown}

Dungeon Overview and Level Annotations

Branches:
Dungeon (11/15)            Temple (1/1) D:7            Lair (5/6) D:11
  Swamp (0/4) Lair:4       Spider (0/4) Lair:4
  Slime: Lair:5-6       Orc: D:9-12

Altars:
Ashenzari
Cheibriados
Dithmenos
Elyvilon
Fedhas
Gozag
Hepliaklqana
Kikubaaqudgha
Makhleb
Okawaru
Ru
Sif Muna
Uskayaw
Vehumet
Wu Jian
Xom
Yredelemnul
Zin
The Shining One

Shops:
D:4 !:   D:8 !   D:10 [

Annotations:
D:3 2 runed translucent doors
D:10 1 exclusion
D:11 exclusion: ugly thing

.......
...PYP........##
..FPPPP....P.#.##
Y.........P.....#
...w....P..S...#
S......P.......#
.....Y.........#
#)........PP.FY##
.........P...##@#
..........P.YYY##
.##...P..P...YY###
##.....P..Y.FY.#
.).........Y.Y....#
PP...........l.....#
..............S.......
...............#...PP.
P......P.......#....##


You could see 8 death yaks, a komodo dragon (fleeing), a black mamba (fleeing),
a yak (fleeing), 2 cane toads and a water moccasin (fleeing).


Message History

The wall freezes the death yak. x2 😮 HP[-14]
You take 14 damage, and now have 59/108 hp.
The frozen ramparts melt away.
You feel sick. The death yak barely misses you.
The death yak completely misses you.
A death yak comes into view.
Being near the torpor snail leaves you feeling lethargic. 😮 HP[-1]
You take 1 damage, and now have 58/108 hp.
Casting: Ozocubu's Armour (safe; 1% risk of failure)
Confirm with . or Enter, or press ? or * to list all spells.
Casting: Frozen Ramparts (safe; 1% risk of failure)
Press: ? - help, Dir - look around, f - activate The walls around you are covered in ice.
You feel sick.
The wall freezes the death yak.
The death yak gores you but does no damage.
The wall freezes the death yak.
The death yak misses you.
The wall freezes the yak!
The wall freezes the yak.
The wall freezes the death yak.
The wall freezes the death yak!
The wall freezes the death yak.
The death yak gores you!!
* * * LOW HITPOINT WARNING * * *
A komodo dragon comes into view.
The wall freezes the death yak.
The death yak gores you!
* * * LOW HITPOINT WARNING * * *
😱 HP[-33] MP[-3]
You take 33 damage, and now have 25/108 hp.
MASSIVE DAMAGE!! (PAUSE)
You lost 3 mp, and now have 19/26 mp.
As you read the scroll of teleportation {@r4}, it crumbles to dust.
You feel strangely unstable.
You feel sick.
You are no longer poisoned.
The wall freezes the yak. x2; The wall freezes the death yak. x2
The wall freezes the death yak!
You kill the death yak!
Cheibriados appreciates the change of pace.
The wall freezes the death yak.
The death yak closely misses you.
The wall freezes the yak!
You kill the yak!
Cheibriados thoroughly appreciates the change of pace.
The wall freezes the yak!
The wall freezes the death yak!
The wall freezes the death yak. 😱 HP[-1] MP[+1]
You take 1 damage, and now have 24/108 hp.
Casting: Frozen Ramparts (safe; 1% risk of failure)
Confirm with . or Enter, or press ? or * to list all spells.
Casting: Hailstorm (safe; 1% risk of failure)
Press: ? - help, Dir - look around, f - activate A cannonade of hail descends around you!
The hail pelts the death yak!!
You kill the death yak!
Cheibriados appreciates the change of pace.
The hail pelts the death yak!!
The hail pelts the cane toad!
The hail pelts the death yak!!
The hail pelts the yak!
The hail pelts the black mamba!!
The hail pelts the yak!!
The hail pelts the death yak!!
The hail pelts the water moccasin!!
You kill the water moccasin!
Cheibriados thoroughly appreciates the change of pace.
The hail pelts the death yak!
You are ready to hop once more.
The wall freezes the death yak!
You block the death yak's attack.
The wall freezes the death yak!
You block the death yak's attack.
The wall freezes the yak!
You kill the yak!
Cheibriados appreciates the change of pace.
The wall freezes the death yak.
The wall freezes the cane toad.
The cane toad seems to slow down.
The wall freezes the death yak!
The death yak gores you!
* * * LOW HITPOINT WARNING * * *
The wall freezes the death yak!
The death yak gores you!
* * * LOW HITPOINT WARNING * * *
Your Ice Magic skill increases to level 11!
Your Invocations skill increases to level 9! 😱 HP[-15] MP[-4]
You take 15 damage, and now have 9/108 hp.
You lost 4 mp, and now have 16/26 mp.
Read: 2 scrolls of fear
Press: ? - help, Q - select action, (/) - cycle Dir - look around, f - activate Look: a death yak (severely wounded, chance to affect: 47%)
As you read the scroll of fear, it crumbles to dust.
You assume a fearsome visage.
The cane toad looks frightened!
The black mamba looks frightened!
The cane toad looks frightened!
The water moccasin looks frightened!
The death yak looks frightened! x2
The yak looks frightened!
The death yak resists with almost no effort.
The death yak looks frightened!
The death yak resists with almost no effort.
The death yak resists with some effort.
The komodo dragon looks frightened!
You feel yourself speed up.
The wall freezes the cane toad.
Your attack snaps the cane toad out of its fear.
The cane toad seems to slow down.
The wall freezes the cane toad!
The cane toad seems to slow down.
The wall freezes the cane toad.
Your attack snaps the cane toad out of its fear.
The wall freezes the death yak!
Your attack snaps the death yak out of its fear.
The death yak gores you!
You die...

Skill      XL: |  1  2  3  4  5  6  7  8  9 10 11 12 13 14 |
---------------+-------------------------------------------+-----
Ice Magic      | 5 6 7 8 9 10 11 | 11.0
Fighting       | 1 2 3 5 6 7 9 |  9.0
Dodging        | 3 4 5 6 7 8 |  8.4
Spellcasting   | 3 5 6 7 8 |  8.0
Summonings     | 1 3 4 6 7 8 12 15 | 15.6
Evocations     | 2 3 5 |  5.0
Armour         | 2 4 6 7 |  7.5
Invocations    | 1 3 4 7 8 9 |  9.0
Shields        | 2 4 |  4.0
Conjurations   | 4 5 |  5.5
Stealth        | |  1.7

Action                   |  1- 3 |  4- 6 |  7- 9 | 10-12 | 13-15 || total
-------------------------+-------+-------+-------+-------+-------++-------
Melee: Dagger            |    43 |    33 |       |       |       ||    76
       Flail             |       |    28 |       |       |       ||    28
       Mace              |       |    32 |   109 |       |       ||   141
       Punch             |       |     3 |       |     2 |       ||     5
       Trident           |       |       |    60 |   204 |    90 ||   354
Throw: Dart              |       |       |       |     8 |       ||     8
       Boomerang         |       |       |       |     3 |       ||     3
 Cast: Freeze            |    37 |     6 |       |       |       ||    43
       Frozen Ramparts   |     6 |    22 |    42 |    66 |    35 ||   171
       Ozocubu's Armour  |       |       |    15 |    11 |     8 ||    34
       Hailstorm         |       |       |       |     5 |     1 ||     6
       Summon Hydra      |       |       |       |     2 |    21 ||    23
 Abil: Hop               |       |       |     1 |     5 |     3 ||     9
Evoke: Wand              |       |       |     4 |    14 |     7 ||    25
  Use: Scroll            |       |       |     7 |    13 |     9 ||    29
       Potion            |       |       |     4 |     1 |       ||     5
 Stab: Sleeping          |       |     2 |       |       |       ||     2
       Distracted        |       |       |     1 |       |       ||     1
       Paralysed         |       |       |       |     3 |       ||     3
Armor: Robe              |    20 |    19 |    40 |    24 |       ||   103
       Acid dragon scale |       |       |       |    89 |    45 ||   134
Dodge: Dodged            |    60 |    76 |   169 |   414 |   215 ||   934
Block: Buckler           |       |       |       |   100 |    70 ||   170

Levels and vault maps discovered:
D:1:      elethiomel_arrival_infinity_welcomes_careful_drivers, layout_rooms,
          shapermc_ecumenical_altar_notcrosses
D:2:      layout_basic, hangedman_decor_lopped, dk_noncrumbling_2,
          minmay_tiny_reverse_x
D:3:      layout_basic, xom_butterflies, jmf_multi_god_temple2,
          minmay_box_of_dots
D:4:      layout_rooms, serial_shops, nicolae_shop_crystal,
          nicolae_shop_window_shopping
D:5:      layout_loops_ring, fedhas_ov_isle_minmay, serial_bayou_crossing,
          uniq_crazy_yiuf_cottage
D:6:      layout_basic, mainiacjoe_overflow_24_doors, uniq_pikel,
          uniq_prince_ribbit1
D:7:      layout_basic, led_sif_book, minmay_temple_entry_wispy
D:8:      layout_rooms, serial_shops, nicolae_shop_statue_plus, uniq_harold
D:9:      layout_rooms, mainiacjoe_overflow_brackets, uniq_maggie
D:10:     layout_rooms, nicolae_qazlal_eye_of_the_storm, serial_shops,
          nicolae_shop_behind_doors, uniq_josephine
D:11:     layout_basic, dpeg_oklobed_lair, serial_glass, glass_columns_c,
          glass_columns_a, glass_columns_b, glass_columns_a, glass_columns_a,
          glass_columns_a, glass_columns_b, glass_columns_a,
          nicolae_uskayaw_suspiria
Temple:   minmay_temple_curvy_branch
Lair:1:   layout_hall_layers, nicolae_quartered_pool_little,
          beast_lair_carwin_9, infiniplex_staircase_pool, grunt_megastairs_5
Lair:2:   layout_layer_cave, lemuel_centaur_altar
Lair:3:   layout_regular_city, amcnicky_mini_pool_medium
Lair:4:   layout_cave_pods, skrybe_swamp_entry_bodies,
          hellmonk_spider_entry_not_the_bees, serial_bayou_shore_a,
          uniq_nergalle
Lair:5:   layout_small_grid, slime_altar_1, st_stairs_13, nicolae_lair_lil_pond,
          minmay_hedge_maze, lemuel_fruit_fields, serial_bayou_shore_b
Lair:6:   minmay_lair_end_enchanted_forest, layout_misc_corridors

Notes
Turn   | Place    | Note
-------+----------+-------------------------------------------
     0 | D:1      | mcwallace the Barachi Ice Elementalist began the quest for
                  | the Orb.
     0 | D:1      | Reached XP level 1. HP: 13/13 MP: 3/3
     0 | D:1      | magus.rc [v1.9.6]
   189 | D:1      | Found a faded altar of an unknown god.
   252 | D:1      | Reached XP level 2. HP: 20/20 MP: 1/5
   304 | D:1      | Reached skill level 5 in Ice Magic
   308 | D:1      | Reached skill level 1 in Fighting
   940 | D:1      | Reached XP level 3. HP: 26/26 MP: 4/6
  1241 | D:1      | Learned a level 3 spell: Frozen Ramparts
  1245 | D:1      | Learned a level 3 spell: Ozocubu's Armour
  1811 | D:2      | Reached skill level 2 in Fighting
  1811 | D:2      | Reached skill level 3 in Dodging
  1811 | D:2      | Reached XP level 4. HP: 21/33 MP: 3/8
  2473 | D:3      | Reached skill level 3 in Spellcasting
  2659 | D:3      | Found a shimmering altar of Xom.
  2687 | D:3      | Found a large runed translucent door.
  2687 | D:3      | Found a large runed translucent door.
  2704 | D:3      | Reached XP level 5. HP: 39/39 MP: 5/9
  3658 | D:4      | Found Nodweddu's Book Shop.
  3676 | D:4      | Reached skill level 3 in Fighting
  3693 | D:4      | You pick up a book of Blood and begin reading...
  3693 | D:4      | You add the spells Sublimation of Blood, Wereblood and
                  | Summon Hydra to your library.
  3923 | D:4      | Found Tevahuas's Distillery.
  4019 | D:4      | Reached XP level 6. HP: 47/47 MP: 7/11
  4126 | D:4      | Reached skill level 6 in Ice Magic
  4216 | D:4      | Reached skill level 1 in Summonings
  4430 | D:5      | Entered Level 5 of the Dungeon
  4438 | D:5      | Reached skill level 4 in Dodging
  4587 | D:5      | Found a blossoming altar of Fedhas.
  4785 | D:5      | Reached XP level 7. HP: 51/53 MP: 8/12
  4889 | D:5      | Reached skill level 4 in Spellcasting
  4889 | D:5      | Reached skill level 2 in Summonings
  5013 | D:5      | Reached skill level 4 in Fighting
  5491 | D:5      | You pick up a book of Vapours and begin reading...
  5491 | D:5      | You add the spells Poisonous Vapours and Corpse Rot to your
                  | library.
  5538 | D:5      | You pick up a book of Geomancy and begin reading...
  5538 | D:5      | You add the spells Sandblast, Passwall and Stone Arrow to
                  | your library.
  6096 | D:6      | Noticed Pikel
  6201 | D:6      | Killed Pikel
  6202 | D:6      | Reached skill level 5 in Fighting
  6202 | D:6      | Reached skill level 5 in Dodging
  6202 | D:6      | Reached skill level 5 in Spellcasting
  6202 | D:6      | Reached skill level 3 in Summonings
  6202 | D:6      | Reached skill level 7 in Ice Magic
  6202 | D:6      | Reached XP level 8. HP: 43/62 MP: 8/15
  6406 | D:6      | Noticed Prince Ribbit
  6422 | D:6      | Killed Prince Ribbit
  6423 | D:6      | Reached skill level 4 in Summonings
  6792 | D:6      | Found a sacrificial altar of Ru.
  7378 | D:7      | Reached skill level 6 in Fighting
  7378 | D:7      | Reached skill level 6 in Dodging
  7378 | D:7      | Reached XP level 9. HP: 42/69 MP: 9/17
  7560 | D:7      | Reached skill level 5 in Summonings
  7560 | D:7      | Reached skill level 8 in Ice Magic
  7803 | D:7      | Found a staircase to the Ecumenical Temple.
  7812 | Temple   | Entered the Ecumenical Temple
  8083 | Temple   | Became a worshipper of Cheibriados the Contemplative
  8316 | D:7      | HP: 12/65 [wight/stone (6)]
  8947 | D:7      | Found a shimmering blue altar of Sif Muna.
  8970 | D:7      | Reached skill level 6 in Spellcasting
  8974 | D:7      | Got Sif Muna's Handbook of the Oath
  9889 | D:8      | Reached * piety under Cheibriados
  9890 | D:8      | Reached skill level 1 in Evocations
 10452 | D:7      | Reached skill level 1 in Armour
 10762 | D:8      | Found Teudghure's Distillery.
 10770 | D:7      | Reached skill level 1 in Invocations
 11074 | D:8      | Noticed a kobold demonologist
 11078 | D:8      | Noticed Harold
 11080 | D:8      | Noticed a smoke demon
 11387 | D:7      | HP: 17/70 [poisoned by a killer bee]
 11389 | D:7      | Reached skill level 7 in Dodging
 11393 | D:7      | HP: 14/71 [poisoned by a killer bee]
 11944 | D:7      | Reached skill level 6 in Summonings
 12083 | D:8      | Reached skill level 2 in Armour
 12168 | D:7      | HP: 10/70 [Harold (16)]
 12172 | D:7      | Killed Harold
 12173 | D:7      | Reached skill level 7 in Fighting
 12173 | D:7      | Reached skill level 2 in Evocations
 12173 | D:7      | Reached XP level 10. HP: 26/79 MP: 13/19
 12656 | D:7      | Reached skill level 2 in Invocations
 13075 | D:7      | Killed a kobold demonologist
 13076 | D:7      | Reached skill level 3 in Armour
 13076 | D:7      | Reached skill level 9 in Ice Magic
 13081 | D:7      | Learned a level 4 spell: Hailstorm
 13112 | D:7      | Reached ** piety under Cheibriados
 14275 | D:9      | Killed an unseen horror
 14276 | D:9      | Reached skill level 3 in Evocations
 14425 | D:9      | Reached skill level 8 in Dodging
 14484 | D:9      | Reached skill level 1 in Shields
 14660 | D:9      | Found a hazy altar of Hepliaklqana.
 15192 | D:9      | Identified the +1 robe "Oladusam" {Rampage}
 15198 | D:9      | Noticed Maggie
 15209 | D:9      | Killed Maggie
 15209 | D:9      | Reached *** piety under Cheibriados
 15707 | D:10     | Entered Level 10 of the Dungeon
 15714 | D:10     | Reached skill level 7 in Summonings
 15847 | D:10     | Reached skill level 7 in Spellcasting
 15852 | D:10     | Noticed a fire dragon
 15861 | D:10     | You pick up a book of the Dragon and begin reading...
 15861 | D:10     | You add the spells Cause Fear, Dragon Form and Dragon's
                  | Call to your library.
 15904 | D:10     | Reached skill level 4 in Armour
 15904 | D:10     | Reached skill level 2 in Shields
 15952 | D:10     | Reached skill level 3 in Invocations
 15952 | D:10     | Reached XP level 11. HP: 61/86 MP: 17/21
 16105 | D:10     | Noticed Josephine
 16114 | D:10     | Reached skill level 4 in Evocations
 16116 | D:10     | Reached skill level 8 in Fighting
 16130 | D:10     | Found Qesukim's Armour Emporium.
 16133 | D:10     | Bought a +0 buckler for 49 gold pieces
 16193 | D:11     | Noticed a cyan ugly thing
 16289 | D:10     | Killed Josephine
 16290 | D:10     | Reached skill level 3 in Shields
 16707 | D:11     | You add the spells Ignite Poison, Mephitic Cloud and
                  | Freezing Cloud to your library.
 16709 | D:11     | Noticed a two-headed ogre
 16720 | D:11     | Killed a two-headed ogre
 16721 | D:11     | Reached skill level 5 in Armour
 16806 | D:11     | Noticed an oklob plant
 16846 | D:11     | Found a staircase to the Lair.
 16927 | D:11     | Noticed a boulder beetle
 16933 | D:11     | Killed a boulder beetle
 17084 | D:11     | Noticed a death knight
 17101 | D:11     | HP: 4/87 [death knight (18)]
 17102 | D:11     | Killed a death knight
 17103 | D:11     | Reached skill level 8 in Summonings
 17103 | D:11     | Reached skill level 4 in Invocations
 17545 | D:11     | Noticed a boulder beetle
 17559 | D:11     | Killed a boulder beetle
 17560 | D:11     | Reached skill level 5 in Evocations
 17877 | D:11     | Found a hide-covered altar of Uskayaw.
 17973 | D:11     | Noticed a two-headed ogre
 18050 | D:11     | Reached skill level 4 in Shields
 18077 | D:11     | Killed an oklob plant
 18077 | D:11     | Reached **** piety under Cheibriados
 18086 | Lair:1   | Entered Level 1 of the Lair of Beasts
 18535 | Lair:1   | Reached skill level 9 in Fighting
 18535 | Lair:1   | Reached skill level 6 in Armour
 18543 | Lair:1   | Reached skill level 8 in Spellcasting
 18551 | Lair:1   | Learned a level 7 spell: Summon Hydra
 18721 | Lair:1   | Noticed a five-headed hydra
 18756 | Lair:1   | Reached XP level 12. HP: 54/95 MP: 17/24
 18760 | Lair:1   | Reached skill level 9 in Summonings
 18827 | Lair:1   | HP: 22/95 [poisoned by a cane toad]
 18833 | Lair:1   | HP: 16/95 [poisoned by a cane toad]
 19291 | Lair:1   | Killed a five-headed hydra
 19292 | Lair:1   | Reached skill level 5 in Invocations
 19422 | Lair:1   | Reached skill level 7 in Armour
 19422 | Lair:1   | Reached skill level 10 in Summonings
 19491 | Lair:1   | Reached ***** piety under Cheibriados
 20163 | Lair:2   | Reached skill level 11 in Summonings
 20168 | Lair:2   | Found a white marble altar of Elyvilon.
 20223 | Lair:2   | Reached skill level 6 in Invocations
 20265 | Lair:2   | Noticed a death yak
 20265 | Lair:2   | Noticed a death yak
 20265 | Lair:2   | Noticed a death yak
 20265 | Lair:2   | Noticed a death yak
 20265 | Lair:2   | Noticed a death yak
 20270 | Lair:2   | Noticed a death yak
 20293 | Lair:2   | Killed a death yak
 20294 | Lair:2   | Killed a death yak
 20294 | Lair:2   | Killed a death yak
 20298 | Lair:2   | Killed a death yak
 20299 | Lair:2   | Reached skill level 12 in Summonings
 20312 | Lair:2   | Killed a death yak
 20315 | Lair:2   | Killed a death yak
 21029 | Lair:3   | Noticed a six-headed hydra
 21032 | Lair:3   | Killed a six-headed hydra
 21033 | Lair:3   | Reached skill level 7 in Invocations
 21038 | Lair:3   | Gained mutation: You can hop long distances. [Barachi
                  | growth]
 21038 | Lair:3   | Reached XP level 13. HP: 101/101 MP: 19/25
 21060 | Lair:3   | Reached skill level 13 in Summonings
 21523 | Lair:3   | Reached skill level 14 in Summonings
 22352 | Lair:4   | Identified 2 scrolls of acquirement
 22363 | Lair:3   | Acquired the +0 helmet "Alorghut" {+Inv rF- rN+++ Int+4}
 22366 | Lair:3   | Acquired mcwallace's Grimoire of Attacks
 22367 | Lair:3   | You add the spells Shock, Static Discharge, Flame Wave, Orb
                  | of Destruction and Spellforged Servitor to your library.
 22442 | Lair:4   | Reached skill level 1 in Conjurations
 22653 | Lair:4   | Reached skill level 2 in Conjurations
 23124 | Lair:4   | Reached skill level 8 in Invocations
 23127 | Lair:4   | Reached ****** piety under Cheibriados
 23128 | Lair:4   | Reached skill level 3 in Conjurations
 23240 | Lair:4   | Found a staircase to the Swamp.
 23277 | Lair:4   | Reached skill level 10 in Ice Magic
 23541 | Lair:4   | Reached skill level 15 in Summonings
 23766 | Lair:4   | Found a hole to the Spider Nest.
 23920 | Lair:4   | Noticed Nergalle
 23925 | Lair:4   | Killed Nergalle
 24302 | Lair:4   | Reached skill level 4 in Conjurations
 24485 | Lair:4   | Reached XP level 14. HP: 66/108 MP: 18/26
 24632 | Lair:4   | HP: 23/108 [death yak (16)]
 24649 | Lair:4   | Reached skill level 5 in Conjurations
 25383 | Lair:5   | You fall into a shaft and drop 1 floor!
 25383 | Lair:6   | Entered Level 6 of the Lair of Beasts
 25399 | Lair:6   | HP: 25/108 [death yak (15)]
 25401 | Lair:6   | HP: 9/108 [death yak (8)]
 25402 | Lair:6   | Reached skill level 11 in Ice Magic
 25402 | Lair:6   | Reached skill level 9 in Invocations
 25402 | Lair:6   | Mangled by a death yak

Vanquished Creatures
  Josephine (D:10)
  A hydra (Lair:1)
  Harold (D:7)
  2 boulder beetles (D:11)
  A death knight (D:11)
  A catoblepas (Lair:5)
  A two-headed ogre (D:11)
  15 death yaks
  Pikel (D:6)
  An oklob plant (D:11)
  6 elephants (Lair:1)
  2 black mambas
  A kobold demonologist (D:7)
  An unseen horror (D:9)
  7 cane toads
  3 komodo dragons
  A rime drake (Lair:4)
  Maggie (D:9)
  A troll (D:9)
  A meliai (Lair:4)
  3 polar bears (Lair:1)
  A nameless horror (Lair:4)
  Prince Ribbit (D:6)
  4 blink frogs
  10 dream sheep (Lair:4)
  7 wyverns
  17 yaks
  5 wraiths (D:10)
  A basilisk (Lair:5)
  4 vampire mosquitoes (D:10)
  6 water moccasins
  An acid dragon (D:10)
  3 black bears
  2 orc warriors
  2 sky beasts (D:7)
  An ice beast (D:7)
  A necrophage (D:7)
  An ogre (D:6)
  13 wolves
  4 centaurs
  A phantom (D:5)
  4 lemures (D:6)
  3 kobold brigands
  12 bullfrogs
  A gnoll sergeant (D:8)
  A scorpion (D:4)
  16 killer bees
  10 wights
  An electric eel (Lair:1)
  5 howler monkeys
  4 centaur zombies
  A bullfrog zombie (D:5)
  3 hounds
  3 orc priests
  2 centaur skeletons (D:7)
  A bullfrog skeleton (D:5)
  An iguana (D:4)
  A gnoll shaman (D:10)
  7 orc wizards
  7 hell rats (Lair:3)
  A hound zombie (D:5)
  3 howler monkey zombies
  11 gnolls
  A howler monkey skeleton (D:7)
  15 adders
  A white imp (D:6)
  An ufetubus (D:5)
  2 worms
  3 dart slugs (D:1)
  23 orcs
  9 bats
  4 endoplasms
  2 giant cockroaches
  6 goblins
  5 hobgoblins
  2 jackals (D:4)
  6 quokkas
  8 ball pythons
  4 frilled lizards
  14 kobolds
  4 rats
  A butterfly (D:3)
346 creatures vanquished.

Vanquished Creatures (collateral kills)
  A boulder beetle (Lair:4)
  5 hydras
  A death yak (Lair:5)
  Nergalle (Lair:4)
  A bog body (Lair:4)
  2 cane toads
  2 rime drakes
  A polar bear (Lair:3)
  A hornet (Lair:3)
  A blink frog (Lair:4)
  3 wyverns (Lair:4)
  A water moccasin (Lair:3)
  A centaur (Lair:2)
21 creatures vanquished.

Vanquished Creatures (others)
  An orc wizard (D:9)
  6 bushes (Lair:5)
  23 fungi
  27 plants
57 creatures vanquished.

Grand Total: 424 creatures vanquished

Table legend:
 A = Non-vault XP
 B = Vault XP
 C = Vault XP percentage of total XP
 D = Non-vault monster count
 E = Vault monster count
 F = Vault count percentage of total count
                 A         B        C        D         E       F
            +---------+---------+-------+---------+---------+-------
      Total |   52583 |   10052 |  16.0 |     325 |      36 |  10.0
            +---------+---------+-------+---------+---------+-------
        D:1 |      41 |       0 |   0.0 |      22 |       0 |   0.0
        D:2 |      53 |       2 |   3.6 |      16 |       2 |  11.1
        D:3 |     115 |      30 |  20.7 |      19 |       3 |  13.6
        D:4 |     182 |       0 |   0.0 |      15 |       0 |   0.0
        D:5 |     467 |       0 |   0.0 |      19 |       0 |   0.0
        D:6 |     284 |     903 |  76.1 |       8 |       2 |  20.0
        D:7 |    2999 |     942 |  23.9 |      48 |       3 |   5.9
        D:8 |     397 |       0 |   0.0 |      13 |       0 |   0.0
        D:9 |    1757 |     370 |  17.4 |      23 |       1 |   4.2
       D:10 |    1550 |    2012 |  56.5 |      12 |       6 |  33.3
       D:11 |    4267 |     542 |  11.3 |      10 |       1 |   9.1
     Lair:1 |    4890 |    2153 |  30.6 |      19 |       5 |  20.8
     Lair:2 |    6989 |     118 |   1.7 |      12 |       1 |   7.7
     Lair:3 |    5678 |     879 |  13.4 |      23 |       4 |  14.8
     Lair:4 |   15959 |    2101 |  11.6 |      47 |       8 |  14.5
     Lair:5 |    4758 |       0 |   0.0 |      14 |       0 |   0.0
     Lair:6 |    2197 |       0 |   0.0 |       5 |       0 |   0.0
            +---------+---------+-------+---------+---------+-------

Illustrated notes

Table legend:
 A = Kills in this place as a percentage of kills in entire the game.
 B = Kills by you in this place as a percentage of kills by you in the entire game.
 C = Kills by friends in this place as a percentage of kills by friends in the entire game.
 D = Other kills in this place as a percentage of other kills in the entire game.
 E = Experience gained in this place as a percentage of experience gained in the entire game.
 F = Experience gained in this place divided by the number of levels of this place that you have seen.
                   A       B       C       D       E      F
               +-------+-------+-------+-------+-------+----------------------
         Total | 100.0 | 100.0 | 100.0 |   N/A | 100.0 | 3479.7
       Dungeon |  61.8 |  65.6 |   0.0 |   N/A |  27.0 | 1537.5
          Lair |  38.2 |  34.4 | 100.0 |   N/A |  73.0 | 7620.3
               +-------+-------+-------+-------+-------+----------------------

Table legend: (Time is in decaauts)
 A = Elapsed time spent in this place.
 B = Non-inter-level travel time spent in this place.
 C = Inter-level travel time spent in this place.
 D = Time resting spent in this place.
 E = Time spent auto-exploring this place.
 F = Levels seen in this place.
 G = Mean time per level.
                   A        B        C        D        E       F      G
               +--------+--------+--------+--------+--------+-----+--------+
         Total |  33681 |  32037 |   1644 |   7619 |  14343 |  18 | 1871.2 |
       Dungeon |  21549 |  20377 |   1172 |   5068 |  10127 |  11 | 1959.0 |
        Temple |    369 |    298 |     71 |      0 |    292 |   1 |  369.0 |
          Lair |  11762 |  11361 |    401 |   2550 |   3923 |   6 | 1960.3 |
               +--------+--------+--------+--------+--------+-----+--------+

Top non-repeatable levels by time:
     D:7: 6876 daAuts
  Lair:4: 4008 daAuts
  Lair:1: 2580 daAuts
  Lair:3: 2290 daAuts
  Lair:2: 2176 daAuts
    D:11: 2161 daAuts
     D:9: 1933 daAuts
     D:6: 1718 daAuts
    D:10: 1490 daAuts
     D:1: 1450 daAuts
     D:5: 1428 daAuts
     D:3: 1395 daAuts
     D:2: 1236 daAuts
     D:8: 997 daAuts
     D:4: 859 daAuts
